 Dungeon Crawl Stone Soup version 0.30-a0-1074-g5db6f66fbb (webtiles) character file.

Game seed: 13034406245116900307

1535 funkygono the Chopper (level 8, -2/68 HPs)
             Began as a Minotaur Fighter on Apr 13, 2023.
             Was a Follower of Okawaru.
             Slain by a yak (10 damage)
             ... on level 8 of the Dungeon.
             The game lasted 00:08:25 (5130 turns).

funkygono the Chopper (Minotaur Fighter)            Turns: 5130, Time: 00:08:26

Health: -2/68      AC: 13    Str: 29    XL:     8   Next: 55%
Magic:  5/7        EV: 11    Int:  5    God:    Okawaru [*.....]
Gold:   249        SH:  6    Dex: 10    Spells: 7/7 levels left

rFire   . . .      SeeInvis .    a - +0 war axe
rCold   . . .      Faith    .    c - +0 buckler
rNeg    . . .      Spirit   .    z - +0 chain mail
rPois   .          Reflect  .    (helmet restricted)
rElec   .          Rampage  .    (no cloak)
rCorr   .                        e - +0 pair of gloves
Will    +....                    (no boots) Stlth
                                 (no amulet)
HPRegen 0.31/turn                v - ring of willpower
MPRegen 0.10/turn                k - +6 ring of strength

@: heroic
A: horns 2, retaliatory headbutt
a: Renounce Religion, Heroism


You were on level 8 of the Dungeon.
You worshipped Okawaru.
Okawaru was aware of your devotion.
You visited 2 branches of the dungeon, and saw 8 of its levels.

You collected 249 gold pieces.

Inventory:

Hand Weapons
 a - a +0 war axe (weapon)
Missiles
 i - 27 poisoned darts (quivered)
 m - a curare-tipped dart
 n - 2 boomerangs
 r - 6 javelins
Armour
 c - a +0 buckler (worn)
 e - a +0 pair of gloves (worn)
 z - a +0 chain mail (worn)
Jewellery
 g - a ring of resist corrosion
 k - a +6 ring of strength (right hand)
 v - a ring of willpower (left hand)
Wands
 t - a wand of digging (5)
 y - a wand of mindburst (12)
Scrolls
 p - 3 scrolls of fear
 q - 3 scrolls of magic mapping {unknown}
 w - 2 scrolls of teleportation
Potions
 d - 2 potions of might
 f - 2 potions of heal wounds
 h - a potion of curing
 j - a potion of magic
 l - 3 potions of brilliance
 o - a potion of attraction {unknown}
 u - a potion of mutation {unknown}
 x - a potion of ambrosia {unknown}


   Skills:
 + Level 5.2(10.2) Fighting
 + Level 7.8(12.8) Axes
 + Level 5.8(10.8) Throwing
 + Level 6.0(11.0) Armour
 + Level 1.5(6.5) Dodging
 + Level 0.6(5.6) Stealth
 + Level 5.1(10.1) Shields
 + Level 0.1 Invocations


You had 7 spell levels left.
You didn't know any spells.
Your spell library contained the following spells:

 Spells                   Type           Power      Damage    Failure   Level
 Ensorcelled Hibernation  Hex/Ice        0%         N/A       97%         2
 Passwall                 Tmut/Erth      0%         N/A       97%         2
 Dazzling Flash           Conj/Hex       0%         N/A       100%        3
 Swiftness                Air            0%         N/A       100%        3
 Volatile Blastmotes      Fire/Tloc      0%         2d10      100%        3
 Iskenderun's Mystic Bla  Conj/Tloc      0%         2d3       100%        4
 Agony                    Necr           0%         N/A       100%        5
 Silence                  Hex/Air        0%         N/A       100%        5
 Starburst                Conj/Fire      0%         6d3       100%        6


Dungeon Overview and Level Annotations

Branches:
Dungeon (6/15)             Temple (1/1) D:4

Altars:
Elyvilon
Fedhas
Gozag
Kikubaaqudgha
Okawaru
Qazlal
Ru
Sif Muna
Trog
Uskayaw
Vehumet
Wu Jian
Xom
Zin
The Shining One

Shops:
D:6 *


Innate Abilities, Weirdness & Mutations

You have a pair of horns on your head.
You reflexively headbutt those who attack you in melee.


Message History

You barely miss the yak. The orc hits you but does no damage.
The yak closely misses you. You furiously retaliate!
You headbutt the yak. The yak barely misses you. You furiously retaliate!
You headbutt the yak!
A yak comes into view.
The orc hits you but does no damage. The yak gores you!
The yak gores you but does no damage.
The yak bellows!
You hit the orc.
The orc is lightly wounded.
You slash the yak!
You hit the yak. x2; The yak gores you but does no damage.
The orc hits you but does no damage. You block the yak's attack.
The yak gores you.
You barely miss the orc.
The orc is lightly wounded.
You barely miss the yak. You slash the yak! x2
You kill the yak!
Okawaru accepts your kill. The yak barely misses you.
The orc hits you but does no damage. The yak barely misses you.
You furiously retaliate!
You headbutt the yak.
Your base Armour skill increases to level 6!
You closely miss the orc. Your headbutt misses the orc.
The orc is lightly wounded.
You barely miss the yak. You hit the yak. You hit the yak but do no damage.
You hear the faint creaking of a distant portcullis.
You slice the orc!!
You kill the orc!
Okawaru accepts your kill.
You hit the yak. You closely miss the yak. You barely miss the yak.
The yak gores you!
A yak comes into view.
The yak gores you!
* * * LOW HITPOINT WARNING * * *
The yak completely misses you. You furiously retaliate!
You headbutt the yak, but do no damage. You slice the yak!!
You headbutt the yak.
The yak is almost dead.
You hit the yak. You slash the yak! You hit the yak. The yak gores you!
* * * LOW HITPOINT WARNING * * *
You block the yak's attack. The yak gores you!
You die...

.##...
8#..##
....8#
....##
.....#
##..Y#
#YYY.##
#@Y..#
#.†.##
+...#
##...# #
#...8# ###
... ##.###
...
#..#.####.#
#.......#
#.####.##


You could see 5 yaks.

Vanquished Creatures
  Grinder (D:5)
  Eustachio (D:4)
  A yak (D:8)
  A water moccasin (D:3)
  A sky beast (D:4)
  A black bear (D:6)
  2 ogres (D:5)
  Blork the orc (D:5)
  A hound (D:5)
  Ijyb (D:5)
  Natasha (thrice) (D:4)
  A sleepcap (D:4)
  An orc wizard (D:5)
  Robin (D:3)
  14 gnolls
  3 adders
  A white imp (D:5)
  4 worms
  4 dart slugs
  10 orcs
  6 bats
  10 endoplasms
  4 giant cockroaches
  10 goblins
  12 hobgoblins
  9 jackals
  2 quokkas
  8 ball pythons
  2 frilled lizards
  8 kobolds
  9 rats
133 creatures vanquished.

Vanquished Creatures (others)
  An orc wizard (D:5)
1 creature vanquished.

Grand Total: 134 creatures vanquished

Notes
Turn   | Place    | Note
-------+----------+-------------------------------------------
     0 | D:1      | funkygono the Minotaur Fighter began the quest for the Orb.
     0 | D:1      | Reached XP level 1. HP: 19/19 MP: 0/0
   185 | D:1      | Reached XP level 2. HP: 27/27 MP: 1/1
   419 | D:1      | Found a faded altar of an unknown god.
   644 | D:1      | Reached XP level 3. HP: 33/33 MP: 2/2
   725 | D:1      | Reached skill level 3 in Axes
  1132 | D:2      | Reached XP level 4. HP: 40/40 MP: 3/3
  2252 | D:3      | Reached skill level 1 in Throwing
  2259 | D:3      | Reached skill level 4 in Axes
  2259 | D:3      | Reached XP level 5. HP: 36/46 MP: 4/4
  2344 | D:3      | Noticed a water moccasin
  2353 | D:3      | Killed a water moccasin
  2372 | D:3      | Reached XP level 6. HP: 52/52 MP: 5/5
  2450 | D:3      | Noticed Robin
  2466 | D:3      | Killed Robin
  2916 | D:4      | Found a staircase to the Ecumenical Temple.
  2939 | Temple   | Entered the Ecumenical Temple
  2972 | Temple   | Became a worshipper of Warmaster Okawaru
  3189 | D:4      | Noticed Natasha
  3199 | D:4      | Killed Natasha
  3200 | D:4      | Reached skill level 5 in Armour
  3269 | D:4      | Noticed Eustachio
  3282 | D:4      | Killed Eustachio
  3283 | D:4      | Reached skill level 5 in Axes
  3283 | D:4      | Reached XP level 7. HP: 53/60 MP: 6/6
  3334 | D:4      | Noticed Natasha
  3341 | D:4      | Killed Natasha
  3619 | D:4      | Noticed Natasha
  3621 | D:4      | Killed Natasha
  3904 | D:5      | Entered Level 5 of the Dungeon
  3917 | D:5      | Reached * piety under Okawaru
  3918 | D:5      | Reached skill level 6 in Axes
  3918 | D:5      | Reached skill level 5 in Shields
  4057 | D:5      | Reached skill level 1 in Dodging
  4183 | D:5      | Noticed Grinder
  4196 | D:5      | Paralysed by Grinder for 2 turns
  4199 | D:5      | Killed Grinder
  4200 | D:5      | Reached skill level 5 in Fighting
  4200 | D:5      | Reached skill level 5 in Throwing
  4200 | D:5      | Reached XP level 8. HP: 63/68 MP: 7/7
  4226 | D:5      | Reached skill level 7 in Axes
  4324 | D:5      | Noticed Ijyb
  4326 | D:5      | Noticed Blork the orc
  4336 | D:5      | Killed Ijyb
  4339 | D:5      | Killed Blork the orc
  4339 | D:5      | Reached ** piety under Okawaru
  4913 | D:6      | Found Lapaevaz's Assorted Antiques.
  4977 | D:6      | You fall into a shaft and drop 2 floors!
  5130 | D:8      | Slain by a yak

Illustrated notes

Levels and vault maps discovered:
D:1:      dpeg_arrival_renting, layout_loops_corners,
          shapermc_ecumenical_altar_totnotflames, minivault_25
D:2:      layout_basic, grunt_decor_arrowhead, chequers_arboretum
D:3:      layout_rooms, minmay_fractal_squares_5, uniq_robin
D:4:      layout_gridville, minmay_temple_entry_statues_fountains,
          uniq_eustachio, uniq_natasha
D:5:      layout_basic, minmay_curled_crystal, uniq_grinder, uniq_blork_the_orc,
          uniq_ijyb
D:6:      layout_basic, mainiacjoe_overflow_cross_hatched, serial_shops, shop,
          nicolae_stop_n_shop_2, shop, nicolae_shop_stone
D:8:      hellmonk_crumbling_castle, layout_loops_ring, enter_bailey_2
Temple:   regret_index_temple_waves

Skill      XL: |  1  2  3  4  5  6  7  8 |
---------------+-------------------------+-----
Armour         | 4 5 6 |  6.0
Shields        | 4 5 |  5.1
Axes           | 3 4 5 6 7 |  7.8
Fighting       | 4 5 |  5.2
Throwing       | 1 2 4 5 |  5.8
Dodging        | 1 |  1.5
Stealth        | |  0.6
Invocations    | |  0.1

Action                     |  1- 3 |  4- 6 |  7- 9 || total
---------------------------+-------+-------+-------++-------
  Melee: War axe           |    46 |    61 |    72 ||   179
         Headbutt          |     6 |     8 |    13 ||    27
  Throw: Dart              |    14 |    10 |    27 ||    51
         Boomerang         |       |    79 |    13 ||    92
 Invoke: Heroism           |       |       |     2 ||     2
    Use: Scroll            |     4 |     8 |     3 ||    15
 Armour: Scale mail        |    22 |    31 |    14 ||    67
         Chain mail        |       |       |    16 ||    16
  Dodge: Dodged            |    24 |    22 |    30 ||    76
  Block: Buckler           |    18 |    16 |    25 ||    59

Table legend: (Time is in decaauts)
 A = Elapsed time spent in this place.
 B = Non-inter-level travel time spent in this place.
 C = Inter-level travel time spent in this place.
 D = Time resting spent in this place.
 E = Time spent auto-exploring this place.
 F = Levels seen in this place.
 G = Mean time per level.
                   A        B        C        D        E       F      G
               +--------+--------+--------+--------+--------+-----+--------+
         Total |   5215 |   4904 |    311 |    175 |   3802 |   8 |  651.9 |
       Dungeon |   5067 |   4828 |    239 |    175 |   3743 |   7 |  723.9 |
        Temple |    148 |     76 |     72 |      0 |     58 |   1 |  148.0 |
               +--------+--------+--------+--------+--------+-----+--------+

Top non-repeatable levels by time:
     D:2: 1156 daAuts
     D:1: 1046 daAuts
     D:5: 962 daAuts
     D:4: 906 daAuts
     D:3: 778 daAuts
     D:8: 153 daAuts
  Temple: 148 daAuts
     D:6: 63 daAuts
